 Dungeon Crawl Stone Soup version 0.30.1-11-g7821555f0a (webtiles) character file.

Game seed: 9827800870469220645

110022 Jynx the Warrior (level 16, -14/162 HPs)
             Began as a Minotaur Fighter on Jan 9, 2024.
             Was the Champion of Okawaru.
             Demolished by a steelbarb worm (34 damage)
             ... on level 2 of the Spider Nest.
             The game lasted 00:49:18 (24095 turns).

Jynx the Warrior (Minotaur Fighter)                Turns: 24095, Time: 00:49:19

Health: -14/162    AC: 21    Str: 26    XL:     16   Next: 6%
Magic:  33/33      EV: 13    Int:  5    God:    Okawaru [******]
Gold:   2436       SH: 18    Dex: 31    Spells: 15/15 levels left

rFire   . . .        E - +10 hand axe of Hubris {freeze, rCorr MP+9 Str+4}
rCold   + + +        M - +2 buckler of Gina {rC+ Dex+3}
rNeg    + . .        z - +5 ring mail of the Gastropod {rC+ Dex+5}
rPois   +            d - +1 hat
rElec   .            f - +0 cloak
rCorr   +            i - +0 pair of gloves {hurl}
SInv    .            R - +0 pair of boots "Docvo" {Will+ Slay+5}
Will    ++...        u - amulet of reflection
Stlth   +++          c - ring of Ostra Tudd {rC+ Dex+6}
HPRegen 0.47/turn    G - ring "Jiczocif" {+Blink rPois rC+ rN+}
MPRegen 0.23/turn

%: reflection
@: heroic, grasped by roots, spiked, constricted, studying Unarmed Combat
A: horns 2, retaliatory headbutt
a: Renounce Religion, Evoke Blink, Heroism, Finesse, Duel


You were on level 2 of the Spider Nest.
You worshipped Okawaru.
Okawaru was exalted by your worship.
You visited 5 branches of the dungeon, and saw 23 of its levels.
You also visited: Sewer, Bailey and Ice Cave.

You collected 2436 gold pieces.

Inventory:

Hand Weapons
 y - the +1 war axe of the Disbelieving Moth {elec, rC+}
   (You found it on level 3 of the Dungeon)

   rC:        It protects you from cold.
 E - the +10 hand axe of Hubris (weapon) {freeze, rCorr MP+9 Str+4}
   (You found it in a bailey)

   Str:       It affects your strength (+4).
   MP:        It affects your magic capacity (+9).
   rCorr:     It protects you from acid and corrosion.
 Z - a +2 dire flail of venom
Armour
 d - a +1 hat (worn)
 f - a +0 cloak (worn)
 i - a +0 pair of gloves of hurling (worn)
 z - the +5 ring mail of the Gastropod (worn) {rC+ Dex+5}
   (You found it on level 4 of the Dungeon)

   Dex:       It affects your dexterity (+5).
   rC:        It protects you from cold.
 D - a +2 chain mail of fire resistance
 H - the +5 chain mail "Wauzoalo" {rPois rN+ Int-4}
   (Okawaru gifted it to you in an ice cave)

   Int:       It affects your intelligence (-4).
   rPois:     It protects you from poison.
   rN:        It protects you from negative energy.
 J - a +0 crystal plate armour of cold resistance
 M - the +2 buckler of Gina (worn) {rC+ Dex+3}
   (Okawaru gifted it to you on level 4 of the Lair of Beasts)

   Dex:       It affects your dexterity (+3).
   rC:        It protects you from cold.
 R - the +0 pair of boots "Docvo" (worn) {Will+ Slay+5}
   (Okawaru gifted it to you on level 1 of the Lair of Beasts)

   Slay:      It affects your accuracy & damage with ranged weapons and melee
   (+5).
   Will:      It increases your willpower.
Jewellery
 a - a ring of see invisible
 c - the ring of Ostra Tudd (left hand) {rC+ Dex+6}
   (You found it on level 11 of the Dungeon)

   [ring of dexterity]

   Dex:       It affects your dexterity (+6).
   rC:        It protects you from cold.
 g - a ring of resist corrosion
 u - an amulet of reflection (around neck)
 v - a ring of positive energy
 w - a +6 ring of dexterity
 G - the ring "Jiczocif" (right hand) {+Blink rPois rC+ rN+}
   (You took it off a deep elf zephyrmancer on level 8 of the Dungeon)

   [ring of protection from cold]

   rC:        It protects you from cold.
   rPois:     It protects you from poison.
   rN:        It protects you from negative energy.
   +Blink:    It lets you blink.
 U - a ring of protection from fire
 W - a +4 ring of protection
Wands
 k - a wand of iceblast (34)
 F - a wand of paralysis (26)
 K - a wand of digging (14)
 P - a wand of flame (19)
 Q - a wand of polymorph (6)
Scrolls
 n - 3 scrolls of blinking
 p - 14 scrolls of teleportation
 q - 6 scrolls of fear
 r - 2 scrolls of enchant weapon
 t - 4 scrolls of enchant armour
 x - 3 scrolls of acquirement
 A - a scroll of fog {unknown}
 B - a scroll of poison {unknown}
 I - 2 scrolls of silence {unknown}
 N - 2 scrolls of brand weapon {unknown}
 O - a scroll of torment {unknown}
 T - 4 scrolls of immolation {unknown}
 V - a scroll of amnesia {unknown}
 X - 3 scrolls of magic mapping {unknown}
Potions
 b - 3 potions of haste
 e - 9 potions of curing
 h - 3 potions of resistance
 j - 9 potions of brilliance
 l - a potion of berserk rage
 m - 10 potions of flight
 o - a potion of cancellation
 s - a potion of magic
 C - a potion of heal wounds
 L - 2 potions of ambrosia
 S - a potion of invisibility
 Y - a potion of might


   Skills:
 + Level 19.8(24.8) Fighting
 - Level 13.4(19.0) Axes
 - Level 6.5(15.8) Maces & Flails
 - Level 15.3(20.3) Armour
 + Level 13.4(18.4) Shields
 + Level 13.1 Invocations


You had 15 spell levels left.
You didn't know any spells.
Your spell library contained the following spells:

 Spells                   Type           Power      Damage    Failure   Level
 Apportation              Tloc           0%         N/A       56%         1
 Beastly Appendage        Tmut           0%         N/A       56%         1
 Foxfire                  Conj/Fire      0%         2x1d4     56%         1
 Necrotise                Necr           0%         1d4       56%         1
 Slow                     Hex            0%         N/A       56%         1
 Sting                    Tmut/Pois      0%         1d3       56%         1
 Poisonous Vapours        Pois/Air       0%         N/A       71%         2
 Scorch                   Fire           0%         2d5       71%         2
 Wereblood                Tmut           0%         N/A       71%         2
 Confusing Touch          Hex            0%         N/A       91%         3
 Gell's Gravitas          Tloc           0%         N/A       91%         3
 Inner Flame              Hex/Fire       0%         N/A       91%         3
 Ozocubu's Armour         Ice            0%         N/A       91%         3
 Portal Projectile        Hex/Tloc       0%         N/A       91%         3
 Spider Form              Tmut/Pois      0%         N/A       91%         3
 Teleport Other           Tloc           0%         N/A       91%         3
 Vampiric Draining        Necr           0%         2d6       91%         3
 Flame Wave               Conj/Fire      0%         2d4       100%        4
 Olgreb's Toxic Radiance  Pois           0%         N/A       100%        4
 Agony                    Necr           0%         N/A       100%        5
 Blade Hands              Tmut           0%         N/A       100%        5
 Fireball                 Conj/Fire      0%         3d3       100%        5
 Iskenderun's Battlesphe  Conj           0%         2d6       100%        5
 Yara's Violent Unravell  Hex/Tmut       0%         3d3       100%        5
 Conjure Ball Lightning   Conj/Air       0%         3x3d6     100%        6
 Dispersal                Tloc           0%         N/A       100%        6
 Plasma Beam              Fire/Air       0%         2x1d11    100%        6
 Starburst                Conj/Fire      0%         6d3       100%        6
 Enfeeble                 Hex            0%         N/A       100%        7
 Orb of Destruction       Conj           0%         9d5       100%        7
 Ozocubu's Refrigeration  Ice            0%         4d7       100%        7
 Summon Small Mammal      Summ           Unusable   N/A       N/A         1
 Call Canine Familiar     Summ           Unusable   N/A       N/A         3
 Summon Guardian Golem    Hex/Summ       Unusable   N/A       N/A         3
 Tukima's Dance           Hex            Unusable   N/A       N/A         3
 Summon Cactus Giant      Summ           Unusable   N/A       N/A         6

Dungeon Overview and Level Annotations

Branches:
Dungeon (12/15)            Temple (1/1) D:6            Lair (5/5) D:10
  Swamp (0/4) Lair:2       Spider (3/4) Lair:3        Slime (0/5) Lair:4
    Orc (2/2) D:9             Elf (0/3) Orc:2         Sewer (visited)
 Bailey (visited)           IceCv (visited)

Altars:
Ashenzari
Cheibriados
Dithmenos
Elyvilon
Fedhas
Gozag
Hepliaklqana
Kikubaaqudgha
Makhleb
Nemelex Xobeh
Okawaru
Qazlal
Ru
Sif Muna
Trog
Uskayaw
Vehumet
Wu Jian
Xom
Yredelemnul
Zin
The Shining One
Jiyva

Shops:
D:9 ([   D:10 *   Orc:2 ([[*:

Annotations:
Spider:2 Jorgrun


Innate Abilities, Weirdness & Mutations

You have a pair of horns on your head.
You reflexively headbutt those who attack you in melee.


Message History

You feel much better. You block the steelbarb worm's attack.
Jorgrun points at you and mumbles some strange words.
You easily resist.
The radroach bites you. You block the radroach's attack.
Unknown command.
You slash Jorgrun! You freeze Jorgrun.
Jorgrun is moderately wounded.
You hit the steelbarb worm but do no damage.
You hit the radroach but do no damage. The steelbarb worm misses you.
Jorgrun gestures at you while chanting.
You easily resist.
The radroach bites you! The radroach closely misses you.
The steelbarb worm hits you!!
* * * LOW HITPOINT WARNING * * *
Barbed spikes become lodged in your body.
You slice Jorgrun!! You freeze Jorgrun.
Jorgrun is heavily wounded.
You hit the steelbarb worm but do no damage.
You hit the radroach but do no damage. The steelbarb worm misses you.
You closely miss Jorgrun.
Jorgrun is heavily wounded.
You hit the steelbarb worm but do no damage.
You hit the radroach but do no damage. Jorgrun casts a spell at you.
Roots burst forth from the earth!
The grasping roots grab you! The grasping roots constrict you!
* * * LOW HITPOINT WARNING * * *
The radroach bites you!
* * * LOW HITPOINT WARNING * * *
The radroach claws you but does no damage.
The steelbarb worm hits you.
* * * LOW HITPOINT WARNING * * *
Barbed spikes become lodged in your body.
You feel much better. You block the steelbarb worm's attack.
Jorgrun hits you but does no damage. The grasping roots constrict you.
* * * LOW HITPOINT WARNING * * *
The radroach barely misses you. You furiously retaliate!
You headbutt the radroach! The radroach claws you.
* * * LOW HITPOINT WARNING * * *
The steelbarb worm hits you!!
You die...

.####....##..###.^#.#..#..##..#
###......#####...####..#..#####
####.^#.....###..#.#...#.##
#.....#.#...#...^<.#######
##..#.###.####..#....###
.#..###.### #.[##...#.##
^........#####..###^....#
#..#....##.##..gw#..#..###
=..##.###..###.#@####....#
##..####........B#..†.#.##
#......#.##....#.#....#####
###....###...########.....#
#^...#.##.>.##.....^#...^##
.....#####.....^....###..##
.#.#.†...#^#..########....# #
####....####.....##.#..#.## #
.#.###.......#..##.^#.†### ##


You could see Jorgrun, a radroach and a steelbarb worm (berserk).

Vanquished Creatures
  Gastronok (Lair:3)
  2 frost giants (IceCv)
  A broodmother (Spider:2)
  A reaper (Lair:1)
  An orc warlord (Orc:2)
  A very ugly thing (Spider:2)
  A white draconian (IceCv)
  2 entropy weavers (Spider:2)
  7 hydras
  Erolcha (D:9)
  3 catoblepae (Lair:5)
  6 ironbound frosthearts (IceCv)
  A jorogumo (Spider:1)
  2 radroaches (Spider:2)
  An ogre mage (D:12)
  A boulder beetle (Spider:1)
  A centaur warrior (D:8)
  4 two-headed ogres
  9 death yaks
  2 orc high priests (Orc:2)
  Nergalle (Lair:2)
  Amaemon (Lair:3)
  2 pharaoh ants (Spider:2)
  4 orb spiders
  An orange crystal statue (IceCv)
  A deep elf pyromancer (D:8)
  2 deep elf zephyrmancers
  2 orc knights
  4 orc sorcerers (Orc:2)
  8 wolf spiders
  A cyclops (D:12)
  22 ugly things
  4 manticores
  8 elephants
  3 moths of wrath
  A black mamba (Lair:4)
  3 demonic crawlers
  3 torpor snails
  An orange demon (Lair:3)
  10 cane toads
  15 rime drakes (IceCv)
  A kobold demonologist (D:8)
  11 komodo dragons
  2 unseen horrors
  2 efreet
  A freezing wraith (D:12)
  4 meliai
  5 trolls
  21 polar bears
  A hornet (D:9)
  11 tarantellas
  9 dream sheep
  27 blink frogs
  9 culicivoras
  4 jumping spiders
  51 yaks
  A slime creature (D:8)
  11 wyverns
  A vampire (D:12)
  A wraith (D:12)
  An unseen horror simulacrum (D:8)
  A shadow (D:12)
  3 basilisks
  A human (Lair:1)
  18 redbacks
  3 steam dragons
  Menkaure (D:6)
  2 swamp worms (Lair:2)
  6 wargs (Orc:2)
  2 acid dragons
  8 water moccasins
  27 orc warriors
  3 sky beasts
  2 black bears
  An ice beast (D:6)
  6 wolves (Lair:2)
  2 centaurs (D:7)
  4 ogres
  Blork the orc (D:6)
  2 kobold brigands
  7 bullfrogs
  5 scorpions
  11 wights
  20 killer bees
  2 howler monkeys
  2 electric eels
  3 crimson imps (D:9)
  2 hounds
  14 orc priests
  3 jellies
  A sleepcap (D:5)
  6 iguanas
  29 orc wizards
  5 gnolls
  19 adders
  6 river rats (Sewer)
  A shadow imp (D:9)
  10 white imps
  3 ufetubi
  5 worms
  A dart slug (D:3)
  58 orcs
  11 bats
  9 endoplasms
  9 giant cockroaches
  16 goblins
  10 hobgoblins
  3 jackals (D:2)
  6 quokkas
  14 ball pythons
  4 frilled lizards
  10 kobolds
  6 rats
723 creatures vanquished.

Vanquished Creatures (others)
  A killer bee (D:8)
  An orc wizard (Orc:2)
2 creatures vanquished.

Grand Total: 725 creatures vanquished

Notes
Turn   | Place    | Note
-------+----------+-------------------------------------------
     0 | D:1      | Jynx the Minotaur Fighter began the quest for the Orb.
     0 | D:1      | Reached XP level 1. HP: 19/19 MP: 0/0
    19 | D:1      | Reached XP level 2. HP: 12/27 MP: 1/1
   339 | D:1      | Reached skill level 4 in Fighting
   532 | D:1      | Reached XP level 3. HP: 33/33 MP: 2/2
   600 | D:1      | Found a faded altar of an unknown god.
   904 | D:2      | Reached XP level 4. HP: 41/41 MP: 3/3
  1578 | D:3      | Reached skill level 5 in Maces & Flails
  1721 | D:3      | Found a glowing drain.
  1731 | D:3      | Reached XP level 5. HP: 47/47 MP: 4/4
  1740 | Sewer    | Entered a sewer
  1748 | Sewer    | Reached skill level 5 in Fighting
  2213 | Sewer    | Reached XP level 6. HP: 56/56 MP: 5/5
  2989 | D:3      | Identified the +1 war axe of the Disbelieving Moth {elec,
                  | rC+}
  3021 | D:4      | Reached skill level 1 in Axes
  3143 | D:4      | Reached skill level 6 in Fighting
  3148 | D:4      | Reached XP level 7. HP: 58/63 MP: 6/6
  3172 | D:4      | Identified the +5 ring mail of the Gastropod {rC+ Dex+5}
  3221 | D:4      | Identified the +2 leather armour of Insurance {Contam
                  | +Blink rElec rN+}
  3245 | D:4      | Found a shadowy altar of Dithmenos.
  3245 | D:4      | Found a sparkling altar of Nemelex Xobeh.
  3282 | D:4      | Found a glowing golden altar of the Shining One.
  3506 | D:4      | Reached skill level 5 in Armour
  3651 | D:5      | Entered Level 5 of the Dungeon
  3874 | D:5      | Reached skill level 5 in Axes
  4185 | D:5      | Reached XP level 8. HP: 67/71 MP: 7/7
  4264 | D:5      | Reached skill level 7 in Fighting
  4567 | D:6      | Noticed Blork the orc
  4575 | D:6      | Killed Blork the orc
  4709 | D:6      | Reached skill level 8 in Fighting
  4764 | D:6      | Found a staircase to the Ecumenical Temple.
  4774 | Temple   | Entered the Ecumenical Temple
  4801 | Temple   | Became a worshipper of Warmaster Okawaru
  5182 | D:6      | Noticed Menkaure
  5189 | D:6      | Killed Menkaure
  5190 | D:6      | Reached XP level 9. HP: 81/81 MP: 8/8
  5848 | D:7      | Reached * piety under Okawaru
  5952 | D:7      | Found a flagged portal.
  5961 | Bailey   | Entered a bailey
  6024 | Bailey   | Noticed an orc knight
  6037 | Bailey   | Killed an orc knight
  6038 | Bailey   | Reached skill level 9 in Fighting
  6038 | Bailey   | Reached skill level 10 in Axes
  6038 | Bailey   | Found a large runed translucent door.
  6038 | Bailey   | Found a large runed translucent door.
  6247 | Bailey   | Noticed a deep elf zephyrmancer
  6334 | Bailey   | Killed a deep elf zephyrmancer
  6334 | Bailey   | Reached ** piety under Okawaru
  6351 | Bailey   | Identified the +1 robe of the Good {Fly Dex-4 SInv Stlth+}
  6352 | Bailey   | Identified the +10 hand axe of Hubris {freeze, rCorr MP+9
                  | Str+4}
  6831 | D:7      | Reached XP level 10. HP: 80/91 MP: 9/9
  7170 | D:8      | Noticed a death yak
  7177 | D:8      | Killed a death yak
  7178 | D:8      | Reached skill level 10 in Fighting
  7266 | D:8      | Reached *** piety under Okawaru
  7638 | D:8      | Noticed a manticore
  7643 | D:8      | Identified the ring "Jiczocif" {+Blink rPois rC+ rN+}
  7643 | D:8      | Noticed a deep elf zephyrmancer
  7651 | D:8      | Killed a manticore
  7662 | D:8      | Reached **** piety under Okawaru
  7663 | D:8      | Reached skill level 10 in Armour
  7666 | D:8      | Killed a deep elf zephyrmancer
  7667 | D:8      | Noticed a deep elf pyromancer
  7671 | D:8      | HP: 2/94 [deep elf pyromancer/bolt of fire (31)]
  7673 | D:8      | Killed a deep elf pyromancer
  7674 | D:8      | Reached skill level 11 in Fighting
  7944 | D:8      | Noticed a four-headed hydra
  7951 | D:8      | Reached XP level 11. HP: 98/102 MP: 10/10
  7955 | D:8      | Killed a four-headed hydra
  7965 | D:8      | Noticed a centaur warrior
  7970 | D:8      | Noticed a four-headed hydra
  7970 | D:8      | Noticed a two-headed ogre
  7977 | D:8      | Killed a centaur warrior
  7983 | D:8      | Killed a four-headed hydra
  7983 | D:8      | Reached ***** piety under Okawaru
  7990 | D:8      | Killed a two-headed ogre
  7993 | D:8      | Reached skill level 12 in Fighting
  8786 | D:9      | Identified the +1 sling of Tumult {elec, rN+ Str+8 Int-2}
  8844 | D:9      | Found Icvuiviyze's Weapon Emporium.
  8844 | D:9      | Found a staircase to the Orcish Mines.
  8852 | D:9      | Found Gulem's Armour Emporium.
  9021 | D:9      | Noticed Erolcha
  9028 | D:9      | Killed Erolcha
  9036 | D:9      | Reached skill level 13 in Fighting
  9352 | D:10     | Entered Level 10 of the Dungeon
  9478 | D:10     | Found Natz's Assorted Antiques.
  9732 | D:10     | Found a staircase to the Lair.
 10357 | Lair:1   | Entered Level 1 of the Lair of Beasts
 10424 | Lair:1   | Identified the +0 pair of boots "Docvo" {Will+ Slay+5}
                  | (Okawaru gifted it to you on level 1 of the Lair of Beasts)
 10424 | Lair:1   | Received a gift from Okawaru
 10425 | Lair:1   | Reached XP level 12. HP: 112/115 MP: 11/11
 10427 | Lair:1   | Reached skill level 1 in Invocations
 10729 | Lair:1   | Reached skill level 14 in Fighting
 11356 | Lair:1   | Found a runed translucent door.
 11356 | Lair:1   | Noticed a reaper
 11369 | Lair:1   | Killed a reaper
 11714 | Lair:2   | Noticed a four-headed hydra
 11721 | Lair:2   | Killed a four-headed hydra
 11786 | Lair:2   | Noticed a seven-headed hydra
 11793 | Lair:2   | Noticed a five-headed hydra
 11794 | Lair:2   | Killed a seven-headed hydra
 11802 | Lair:2   | Killed a five-headed hydra
 12048 | Lair:2   | Reached skill level 5 in Invocations
 12069 | Lair:2   | Reached ****** piety under Okawaru
 12254 | Lair:2   | Noticed Nergalle
 12263 | Lair:2   | Killed Nergalle
 12264 | Lair:2   | Reached skill level 15 in Fighting
 12408 | Lair:2   | Received a gift from Okawaru
 12667 | Lair:2   | Reached XP level 13. HP: 108/127 MP: 16/16
 12812 | Lair:2   | Identified the +3 arbalest of the World {flame, Will+}
 13246 | Lair:2   | Found a staircase to the Swamp.
 13338 | Lair:3   | Noticed Amaemon
 13352 | Lair:3   | Killed Amaemon
 13353 | Lair:3   | Reached skill level 15 in Armour
 13401 | Lair:3   | Found a hole to the Spider Nest.
 13592 | Lair:3   | Noticed Gastronok
 13609 | Lair:3   | Killed Gastronok
 14162 | Lair:4   | Identified the +2 buckler of Gina {rC+ Dex+3} (Okawaru
                  | gifted it to you on level 4 of the Lair of Beasts)
 14162 | Lair:4   | Received a gift from Okawaru
 14656 | Lair:4   | Found a viscous altar of Jiyva.
 14656 | Lair:4   | Found a staircase to the Slime Pits.
 14677 | Lair:4   | Reached skill level 16 in Fighting
 14982 | Lair:4   | Identified 2 scrolls of acquirement
 15024 | Lair:5   | Entered Level 5 of the Lair of Beasts
 15110 | Lair:5   | Reached skill level 5 in Shields
 15933 | Lair:5   | Identified the +1 robe of Articulation {rElec Str-5 Dex+3}
                  | (Okawaru gifted it to you on level 5 of the Lair of Beasts)
 15933 | Lair:5   | Received a gift from Okawaru
 15934 | Lair:5   | Reached XP level 14. HP: 128/138 MP: 19/19
 15989 | Lair:5   | Reached skill level 17 in Fighting
 17036 | Orc:1    | Entered Level 1 of the Orcish Mines
 17037 | Orc:1    | Found a bloodstained altar of Trog.
 17421 | Orc:2    | Entered Level 2 of the Orcish Mines
 17423 | Orc:2    | Found Gyozxi's Book Boutique.
 17544 | Orc:2    | Found a staircase to the Elven Halls.
 17577 | Orc:2    | Noticed an orc warlord
 17622 | Orc:2    | Killed an orc warlord
 17787 | Orc:2    | Reached skill level 10 in Invocations
 17818 | Orc:2    | Identified the +1 hat of Sudwutyja {*Slow rF++ Str+9 Dex-3}
                  | (Okawaru gifted it to you on level 2 of the Orcish Mines)
 17818 | Orc:2    | Received a gift from Okawaru
 17830 | Orc:2    | Found Vuomoe's Armour Shoppe.
 17830 | Orc:2    | Found Monuc's Assorted Antiques.
 18038 | Orc:2    | Found Boat's Armour Emporium.
 18058 | Orc:2    | Found Xuwkoong's Weapon Emporium.
 18769 | D:11     | Identified the ring of Ostra Tudd {rC+ Dex+6}
 19252 | D:12     | Reached skill level 18 in Fighting
 19252 | D:12     | Reached skill level 10 in Shields
 19413 | D:12     | Identified the +4 rapier of Hell's Wrath {flame, Str+3}
 20043 | Spider:1 | Entered Level 1 of the Spider Nest
 20739 | Spider:1 | Reached XP level 15. HP: 150/150 MP: 22/22
 21753 | Spider:2 | Identified the +2 pair of boots of Cocytus {Harm rC+ rCorr
                  | Int-4} (Okawaru gifted it to you on level 2 of the Spider
                  | Nest)
 21753 | Spider:2 | Received a gift from Okawaru
 21961 | Spider:2 | Found a frozen archway.
 21992 | IceCv    | Entered an ice cave
 22071 | IceCv    | Reached skill level 19 in Fighting
 23068 | IceCv    | Noticed a frost giant
 23068 | IceCv    | Noticed a frost giant
 23087 | IceCv    | Killed a frost giant
 23092 | IceCv    | Identified the +5 chain mail "Wauzoalo" {rPois rN+ Int-4}
                  | (Okawaru gifted it to you in an ice cave)
 23092 | IceCv    | Received a gift from Okawaru
 23112 | IceCv    | Killed a frost giant
 23906 | Spider:2 | Reached XP level 16. HP: 162/162 MP: 24/24
 24078 | Spider:3 | Noticed Jorgrun
 24094 | Spider:2 | HP: 6/162 [radroach (16)]
 24094 | Spider:2 | HP: 2/162 [steelbarb worm (4)]
 24095 | Spider:2 | Demolished by a steelbarb worm

Illustrated notes

Levels and vault maps discovered:
D:1:      spicycebolla_arrival_risky_transporter, layout_loops_cross,
          shapermc_ecumenical_altar_mp_vishouse, wad_floor_pattern_untrapped
D:2:      layout_rooms
D:3:      layout_rooms, gup_sewer_entry_glass, minivault_5
D:4:      layout_rooms, grunt_temple_overflow_open, serial_aquarium,
          aquarium_bridge_island_small [aquarium_subvault_small_open,
          aquarium_subvault_bridge, aquarium_subvault_wall,
          aquarium_subvault_bridge, aquarium_subvault_window],
          aquarium_window_2, aquarium_window_2, aquarium_window_1,
          aquarium_view_2b, minmay_bent
D:5:      layout_loops_ring
D:6:      layout_basic, minmay_temple_entry_glass, minmay_misc_feat_plants,
          kennysheep_generic_room_12, uniq_blork_the_orc, uniq_menkaure
D:7:      layout_loops_ring, enter_bailey_8
D:8:      layout_cave_pools, serial_ice, serial_ice_h, serial_ice_f,
          serial_ice_k, serial_ice_a, minmay_the_grid_2x2 [minmay_the_grid_mess,
          minmay_the_grid_dragon_a, minmay_the_grid_tri_star,
          minmay_the_grid_prize_big_room]
D:9:      layout_rooms, orc_david_3, grunt_ministairs_9, minmay_nine_imps,
          uniq_erolcha
D:10:     layout_roguey, erik_lair_dragon, serial_shops, shop
D:11:     layout_cave_pools, kennysheep_big_empty_room
D:12:     layout_loops_cross, kennysheep_generic_room_7
Temple:   compressed_dpeg_triangle_lava_temple
Lair:1:   layout_regular_city, pdpol_lair_cabin_in_the_woods
Lair:2:   layout_small_grid, palyth_hydra_swamp_entry, grunt_megastairs_3,
          uniq_nergalle
Lair:3:   hellmonk_ruined_rings, layout_chaotic_city,
          hellmonk_spider_entry_not_the_bees, serial_bayou_crossing,
          uniq_gastronok, uniq_amaemon
Lair:4:   layout_loops_ring, slime_entry_1
Lair:5:   evilmike_catoblepas_cave, layout_small_grid
Spider:1: layout_spider_delve
Spider:2: layout_spider_delve, portal_ice_cave_entry_ugly_swarm
Spider:3: layout_spider_delve, nicolae_spider_stair_cavern, uniq_arachne,
          uniq_jorgrun, uniq_aizul
Orc:1:    layout_caves, basic_altar, nooodl_orcs_dogs
Orc:2:    st_orc_mages, layout_caves, serial_shops, nicolae_square_shop

Skill      XL: |  1  2  3  4  5  6  7  8  9 10 11 12 13 14 15 |
---------------+----------------------------------------------+-----
Maces & Flails | 3 4 5 6 |  6.5
Fighting       | 4 5 6 8 9 11 13 15 16 18 19 | 19.8
Axes           | 2 5 8 10 13 | 13.4
Armour         | 4 5 7 8 10 12 14 15 | 15.3
Invocations    | 6 9 11 13 | 13.1
Shields        | 7 10 13 | 13.4

Action                     |  1- 3 |  4- 6 |  7- 9 | 10-12 | 13-15 | 16-18 || total
---------------------------+-------+-------+-------+-------+-------+-------++-------
  Melee: Flail             |    76 |   184 |       |    50 |    10 |       ||   320
         Headbutt          |     8 |    32 |    35 |    93 |   286 |     7 ||   461
         War axe           |       |    28 |   188 |     4 |       |       ||   220
         Hand axe          |       |       |       |   309 |   986 |    23 ||  1318
 Invoke: Heroism           |       |       |       |     3 |     8 |     1 ||    12
         Finesse           |       |       |       |       |     4 |       ||     4
    Use: Scroll            |     1 |     4 |       |    11 |     4 |       ||    20
         Potion            |       |       |     2 |     7 |     1 |     2 ||    12
   Stab: Sleeping          |       |       |       |       |     2 |       ||     2
 Armour: Chain mail        |    57 |   149 |     3 |       |       |       ||   209
         Scale mail        |     2 |       |       |       |       |       ||     2
         Ring mail         |       |       |    61 |    84 |   274 |     9 ||   428
  Dodge: Dodged            |    46 |    80 |    63 |    93 |   220 |    10 ||   512
  Block: Buckler           |    21 |    55 |    82 |   125 |   479 |    14 ||   776
         Reflection        |       |       |     4 |     8 |     8 |       ||    20
